 Dungeon Crawl Stone Soup version 0.27-a0-887-gcab673c142 (webtiles) character file.

Game seed: 17844820154985230476

173 slowdiver the Shield-Bearer (level 5, -7/34 HPs)
             Began as a Gargoyle Fighter on Apr 4, 2021.
             Was a Follower of Qazlal.
             Mangled by an ogre
             ... wielding a +0 giant club
              (13 damage)
             ... on level 4 of the Dungeon.
             The game lasted 00:03:13 (2770 turns).

slowdiver the Shield-Bearer (Gargoyle Fighter)      Turns: 2770, Time: 00:03:14

Health: -7/34      AC: 14    Str: 21    XL:     5   Next: 53%
Magic:  5/5        EV:  7    Int:  8    God:    Qazlal [*.....]
Gold:   93         SH: 11    Dex: 15    Spells: 4/4 levels left

rFire    . . .     SeeInvis .   a - +0 long sword
rCold    . . .     Faith    .   c - +0 kite shield
rNeg     + . .     Spirit   .   b - +0 scale mail
rPois    ∞         Reflect  .   (no helmet)
rElec    +         Harm     .   (no cloak)
rCorr    .         Rampage  .   (no gloves)
Will     .....                  k - +2 pair of boots {Fly}
Stlth    ..........             (no amulet)
HPRegen  0.11/turn              e - +6 ring of dexterity
MPRegen  0.09/turn              (no ring)

@: flying, very slightly contaminated, invisible
A: AC +4, negative energy resistance 1, electricity resistance, torment
resistance 1, unbreathing 1, petrification resistance
a: Renounce Religion


You were on level 4 of the Dungeon.
You worshipped Qazlal.
Qazlal was aware of your devotion.
You visited 1 branch of the dungeon, and saw 4 of its levels.

You collected 93 gold pieces.

Inventory:

Hand Weapons
 a - a +0 long sword (weapon)
Armour
 b - a +0 scale mail (worn)
 c - a +0 kite shield (worn)
 k - a +2 pair of boots of flying (worn)
Jewellery
 e - a +6 ring of dexterity (left hand)
Scrolls
 d - a scroll of enchant weapon {unknown}
 f - a scroll of blinking {unknown}
 g - a scroll of brand weapon {unknown}
 h - 4 scrolls of noise {unknown}
 i - a scroll of summoning {unknown}
 l - 3 scrolls of identify {unknown}
 n - a scroll of immolation {unknown}
 o - a scroll of fear {unknown}
Potions
 j - a potion of curing {@q1}
 p - a potion of magic {unknown}
 q - a potion of haste {unknown}


   Skills:
 + Level 4.6 Fighting
 - Level 1.7 Long Blades
 + Level 4.6 Armour
 + Level 4.6 Shields
 * Level 0.0 Invocations


You had 4 spell levels left.
You didn't know any spells.
Your spell library was empty.

Dungeon Overview and Level Annotations

Branches:
Dungeon (4/15)
 Temple: D:4-7

Altars:
Qazlal


Innate Abilities, Weirdness & Mutations

Your stone body is resilient. (AC +4)
You are immune to poison.
You resist negative energy. (rN+)
You are resistant to electric shocks. (rElec)
You are resistant to unholy torment.
You can survive without breathing.
You are immune to petrification.


Message History

No target in view!
An ogre comes into view. It is wielding a +0 giant club.
The ogre shouts!
You see here a giant cockroach corpse.
You block the ogre's attack.
You slash the ogre!
The ogre is heavily wounded.
The ogre hits you with a +0 giant club!
You slash the ogre!
The ogre is severely wounded.
You block the ogre's attack.
An ogre is nearby!
You hit the ogre but do no damage.
The ogre is severely wounded.
The ogre hits you with a +0 giant club!!
Ouch! That really hurt!
* * * LOW HITPOINT WARNING * * *
You are too injured to fight recklessly!
You are too injured to fight recklessly!
You are too injured to fight recklessly!
You are too injured to fight recklessly!
An ogre is nearby!
You are too injured to fight recklessly!
You are too injured to fight recklessly!
You are too injured to fight recklessly!
You are too injured to fight recklessly!
You are too injured to fight recklessly!
It was a potion of curing.
You feel better. The ogre hits you but does no damage.
Okay, then.
It was a potion of invisibility.
You fade into invisibility!
The ogre hits you with a +0 giant club!
* * * LOW HITPOINT WARNING * * *
You are very lightly contaminated with residual magic.
You block the ogre's attack.
You slash the ogre!
The ogre is almost dead.
The ogre hits you with a +0 giant club!
You die...

#......##
##.......##
##.........#
##..........#
##...........#
##........†...#
#.............#
##........☼....#
#.........@....#
#.........O.....#
#...............#
##............###
##..........##
#.........##
#######.### ##.##
#..#


You could see an ogre.

Vanquished Creatures
  A scorpion (D:3)
  4 adders
  A worm (D:2)
  5 dart slugs
  6 endoplasms
  2 giant cockroaches
  8 goblins
  6 hobgoblins
  4 jackals (D:1)
  4 quokkas
  5 ball pythons
  4 bats
  A frilled lizard (D:2)
  8 kobolds
  5 rats
64 creatures vanquished.

Notes
Turn   | Place    | Note
-------+----------+-------------------------------------------
     0 | D:1      | slowdiver the Gargoyle Fighter began the quest for the Orb.
     0 | D:1      | Reached XP level 1. HP: 14/14 MP: 1/1
    94 | D:1      | Reached XP level 2. HP: 10/19 MP: 2/2
  1182 | D:2      | Reached XP level 3. HP: 24/24 MP: 3/3
  1472 | D:2      | Reached XP level 4. HP: 27/29 MP: 4/4
  1534 | D:2      | Found a faded altar of an unknown god.
  1905 | D:3      | Noticed a scorpion
  1924 | D:3      | Killed a scorpion
  1925 | D:3      | Reached XP level 5. HP: 20/34 MP: 5/5
  2677 | D:2      | Became a worshipper of Qazlal Stormbringer
  2677 | D:2      | Reached * piety under Qazlal
  2750 | D:4      | Noticed an ogre
  2770 | D:4      | Mangled by an ogre

Illustrated notes

Levels and vault maps discovered:
D:1:      lemuel_arrival_room, layout_loops_ring, solitary_fountain,
          st_stairs_7, fountainhead
D:2:      layout_basic, basic_ecumenical_altar, minmay_goblin_outpost
D:3:      layout_basic, minmay_misc_feat_ornament
D:4:      layout_cave_pods, minmay_temple_entry_hall, serial_shops, shop,
          minmay_divided_ellipse, uniq_grinder, uniq_pikel

Skill      XL: |  1  2  3 |
---------------+----------+-----
Fighting       | 4 |  4.6
Shields        | 4 |  4.6
Armour         | 4 |  4.6
Long Blades    | |  1.7

Action                   |  1- 3 |  4- 6 || total
-------------------------+-------+-------++-------
Melee: Long sword        |    87 |    97 ||   184
  Use: Potion            |     1 |     2 ||     3
Armor: Scale mail        |    57 |    59 ||   116
Dodge: Dodged            |    32 |    45 ||    77
Block: Kite shield       |    56 |    73 ||   129
       Rpst.: Long sword |    11 |    15 ||    26

Table legend: (Time is in decaauts)
 A = Elapsed time spent in this place.
 B = Non-inter-level travel time spent in this place.
 C = Inter-level travel time spent in this place.
 D = Time resting spent in this place.
 E = Time spent auto-exploring this place.
 F = Levels seen in this place.
 G = Mean time per level.
                   A        B        C        D        E       F      G
               +--------+--------+--------+--------+--------+-----+--------+
         Total |   2868 |   2611 |    257 |    289 |   1844 |   4 |  717.0 |
       Dungeon |   2868 |   2611 |    257 |    289 |   1844 |   4 |  717.0 |
               +--------+--------+--------+--------+--------+-----+--------+

Top non-repeatable levels by time:
     D:1: 1199 daAuts
     D:3: 903 daAuts
     D:2: 713 daAuts
     D:4: 52 daAuts
